 Dungeon Crawl Stone Soup version 0.20-a0-1025-g4706f7e (webtiles) character file.

534 Monsterracer the Magician (level 7, -3/36 HPs)
             Began as a Deep Elf Fire Elementalist on Apr 19, 2017.
             Slain by a quokka (4 damage)
             ... on level 5 of the Dungeon.
             The game lasted 00:11:33 (4389 turns).

Monsterracer the Magician (DEFE)                    Turns: 4389, Time: 00:11:34

Health: -3/36      AC:  3    Str:  5    XL:     7   Next: 4%
Magic:  17/17      EV: 13    Int: 22    God:
Gold:   226        SH:  0    Dex: 15    Spells: 4/17 levels left

rFire    . . .     SeeInvis .   d - +0 mace
rCold    . . .     Gourm    .   (no shield)
rNeg     . . .     Faith    .   a - +0 robe
rPois    .         Spirit   .   i - +0 helmet
rElec    .         Reflect  .   (no cloak)
rCorr    .         Harm     .   (no gloves)
MR       .....                  (no boots)
Stlth    ++........             j - amulet of regeneration
Regen    0.6/turn               (no ring)
MPRegen  0.2/turn               (no ring)

@: no status effects
A: no striking features
a: no special abilities


You were on level 5 of the Dungeon.
You were not hungry.

You visited 1 branch of the dungeon, and saw 5 of its levels.

You collected 226 gold pieces.

Inventory:

Hand Weapons
 d - a +0 mace (weapon)
 e - a +0 dagger
Armour
 a - a +0 robe (worn)
 i - a +0 helmet (worn)
Jewellery
 j - an amulet of regeneration (around neck)
Scrolls
 k - a scroll of teleportation
 m - 2 scrolls of remove curse
Potions
 n - a potion of cancellation
 o - a potion of brilliance
 q - a potion of curing
Books
 b - a book of Flames

   Spells                             Type                      Level
   a - Flame Tongue                   Conjuration/Fire             1
   b - Throw Flame                    Conjuration/Fire             2
   c - Conjure Flame                  Conjuration/Fire             3
   d - Inner Flame                    Hexes/Fire                   3
   e - Sticky Flame                   Conjuration/Fire             4
   f - Fireball                       Conjuration/Fire             5
Comestibles
 c - 5 bread rations
 f - 2 royal jellies
 g - a meat ration
 h - a chunk of flesh


   Skills:
 - Level 2.4 Dodging
 - Level 2.4 Stealth
 + Level 5.5 Spellcasting
 * Level 5.5 Conjurations
 * Level 5.5 Fire Magic


You had 4 spell levels left.
You knew the following spells:

 Your Spells              Type           Power        Failure   Level  Hunger
a - Flame Tongue          Conj/Fire      ####.        1%          1    None
b - Conjure Flame         Conj/Fire      ####....     3%          3    ##.....
c - Sticky Flame          Conj/Fire      ####....     10%         4    ####...
d - Fireball              Conj/Fire      ####......   26%         5    #####..


Dungeon Overview and Level Annotations

Branches:
Dungeon (5/15)
 Temple: D:4-7

Altars:
Ru

Shops:
D:4 *


Message History

Eat one of 3 chunks of flesh? (ye/n/q)
You eat one of the 3 chunks of flesh.
This raw flesh tastes terrible.
You are feeling hungry.
You start resting.
Eating one of 2 chunks of flesh.
You eat one of the 2 chunks of flesh.
This raw flesh tastes terrible.
Magic restored.
There is a stone staircase leading down here.
You climb downwards.
The quokka bites you but does no damage.
The ogre barely misses you. The worker ant zombie bites you.
The adder zombie bites you. The quokka bites you.
The worker ant zombie bites you. The adder zombie barely misses you.
A jackal comes into view.
There is a stone staircase leading up here.
The jackal barks!
The ogre hits you with a giant club!!
Ouch! That really hurt!
* * * LOW HITPOINT WARNING * * *
The quokka bites you.
You die...

#....S...#..
#..%h....#.#
#...........
........#.#
.........#
...!.....
######ZZ......
#.....@.......
......r.O...#..
............#
.........<....#
.......(....#..
........)......
#####.......#..
####.#.##..


You could see an ogre, an adder zombie, a worker ant zombie, a quokka, a jackal
and a ball python (wandering).

Vanquished Creatures
  Menkaure (D:4)
  An ogre (D:3)
  The ghost of Malvoorn the Skirmisher, an amateur OpFi (D:3)
  A worker ant (D:4)
  7 gnolls
  5 adders (D:3)
  4 oozes
  4 worms
  3 dart slugs
  3 leopard geckos
  2 orcs (D:3)
  4 bats
  4 giant cockroaches
  13 goblins
  7 hobgoblins
  2 jackals (D:2)
  7 kobolds
  4 quokkas
  4 frilled lizards
  8 rats
85 creatures vanquished.

Notes
Turn   | Place    | Note
-------+----------+-------------------------------------------
     0 | D:1      | Monsterracer the Deep Elf Fire Elementalist began the quest for the Orb.
     0 | D:1      | Reached XP level 1. HP: 10/10 MP: 6/6
   362 | D:1      | Reached XP level 2. HP: 14/15 MP: 4/8
   867 | D:1      | Reached XP level 3. HP: 19/19 MP: 7/9
   872 | D:1      | Learned a level 3 spell: Conjure Flame
  1807 | D:2      | Found a sacrificial altar of Ru.
  2187 | D:3      | Reached XP level 4. HP: 22/24 MP: 10/12
  2193 | D:3      | Learned a level 4 spell: Sticky Flame
  2245 | D:3      | Noticed Malvoorn's ghost (amateur OpFi)
  2399 | D:3      | Killed Malvoorn's ghost
  2399 | D:3      | Reached XP level 5. HP: 28/28 MP: 0/13
  3463 | D:3      | Noticed an ogre
  3476 | D:3      | Killed an ogre
  3476 | D:3      | Reached skill level 5 in Conjurations
  3476 | D:3      | Reached XP level 6. HP: 32/32 MP: 0/15
  3507 | D:2      | Learned a level 5 spell: Fireball
  3694 | D:3      | Reached skill level 5 in Fire Magic
  4022 | D:4      | Learned a level 5 spell: Fireball
  4050 | D:4      | Noticed Menkaure
  4054 | D:4      | Killed Menkaure
  4054 | D:4      | Reached skill level 5 in Spellcasting
  4105 | D:4      | Found Nimias's Assorted Antiques.
  4269 | D:5      | Entered Level 5 of the Dungeon
  4271 | D:5      | Reached XP level 7. HP: 36/36 MP: 6/17
  4389 | D:5      | HP: 1/36 [ogre/giant club (25)]
  4389 | D:5      | Slain by a quokka

Vault maps used:
D:1:      minmay_arrival_cross
D:2:      nicolae_ru_the_path_less_chosen
D:3:      grunt_ministairs_5, supply_closet_lemuel, minmay_misc_feat_rows
D:4:      gammafunk_temple_overflow_forgotten, serial_shops,
          kennysheep_mini_moat, first_bread, uniq_menkaure, uniq_robin

Skill      XL: |  1  2  3  4  5  6 |
---------------+-------------------+-----
Conjurations   | 2 3 4 5 |  5.5
Spellcasting   | 4 5 |  5.5
Fire Magic     | 4 5 |  5.5
Dodging        | |  2.4
Stealth        | |  2.4

Action                   |  1- 3 |  4- 6 |  7- 9 || total
-------------------------+-------+-------+-------++-------
Melee: Mace              |    12 |     2 |     1 ||    15
 Cast: Flame Tongue      |    71 |    91 |     2 ||   164
       Conjure Flame     |     1 |    11 |       ||    12
       Sticky Flame      |       |     3 |     1 ||     4
       Fireball          |       |     1 |     1 ||     2
  Use: Potion            |     5 |     1 |       ||     6
       Scroll            |       |     8 |       ||     8
 Stab: Sleeping          |     1 |       |       ||     1
  Eat: Chunk             |     4 |     5 |     2 ||    11
       Fruit             |       |     1 |     1 ||     2
Armor: Robe              |     8 |       |     2 ||    10
Dodge: Dodged            |    13 |     5 |     5 ||    23
